 Dungeon Crawl Stone Soup version 0.28-a0-535-g6f645e4c1d (webtiles) character file.

Game seed: 4905648608544190587

6532 porpoise the Thaumaturge (level 10, -3/56 HPs)
             Began as a Deep Elf Conjurer on Sept 27, 2021.
             Was a Priest of Vehumet.
             Slain by a two-headed ogre (30 damage)
             ... on level 10 of the Dungeon.
             The game lasted 00:53:54 (16288 turns).

porpoise the Thaumaturge (Deep Elf Conjurer)       Turns: 16288, Time: 00:54:00

Health: -3/56      AC: 11    Str: 11    XL:     10   Next: 69%
Magic:  22/25      EV: 15    Int: 26    God:    Vehumet [***...]
Gold:   449        SH:  0    Dex: 13    Spells: 13/27 levels left

rFire   . . .      SeeInvis .   b - +0 hunting sling
rCold   . . .      Faith    .   (no shield)
rNeg    . . .      Spirit   .   Q - +1 robe {Archmagi}
rPois   .          Reflect  .   y - +2 hat
rElec   .          Harm     .   p - +2 cloak
rCorr   .          Rampage  .   (no gloves)
Will    ++...      Archmagi +   C - +2 pair of boots
Stlth   +++.......              k - amulet of regeneration
HPRegen 1.18/turn               t - ring of willpower
MPRegen 0.19/turn               x - +6 ring of strength

@: no status effects
A: no striking features
a: Renounce Religion


You were on level 10 of the Dungeon.
You worshipped Vehumet.
Vehumet was most pleased with you.
You visited 2 branches of the dungeon, and saw 11 of its levels.
You also visited: Ossuary.

You collected 665 gold pieces.
You spent 216 gold pieces at shops.

Inventory:

Hand Weapons
 a - the +11 flail of Purpose {holy, rCorr}
   (You found it on level 6 of the Dungeon)

   It has been blessed by the Shining One to cause great damage to the undead
   and demons.
   rCorr:     It protects you from acid and corrosion.
 b - a +0 hunting sling (weapon)
 s - a +2 whip of electrocution
 V - a +2 whip of venom
Missiles
 c - 104 sling bullets (quivered ammo)
 d - 36 poisoned darts
 f - 301 stones
 h - 2 javelins
Armour
 e - +0 steam dragon scales
 o - a scarf of shadows
 p - a +2 cloak (worn)
 y - a +2 hat (worn)
 C - a +2 pair of boots (worn)
 J - the +4 ring mail of the Ageless Beggars {Str+4}
   (You found it on level 6 of the Dungeon)

   Str:       It affects your strength (+4).
 K - the +2 ring mail of Too Many Cooks {Will+ MP+9 Int+2 Stlth-}
   (You found it on level 6 of the Dungeon)

   Int:       It affects your intelligence (+2).
   MP:        It affects your magic capacity (+9).
   Will:      It increases your willpower.
   Stlth:     It makes you less stealthy.
 Q - a +1 robe of the Archmagi (worn)
Jewellery
 i - a ring of positive energy
 j - the ring of Zilokhl Disy {*Corrode Will+ Slay+5 SInv Stlth-}
   (You found it on level 6 of the Dungeon)

   [ring of willpower]

   Slay:      It affects your accuracy & damage with ranged weapons and melee
   (+5).
   SInv:      It lets you see invisible.
   *Corrode:  It may corrode you when you take damage.
   Will:      It increases your willpower.
   Stlth:     It makes you less stealthy.
 k - an amulet of regeneration (around neck)
 t - a ring of willpower (left hand)
 x - a +6 ring of strength (right hand)
 E - a ring of willpower
Wands
 z - a wand of paralysis (14)
 L - a wand of acid (10)
 M - a wand of polymorph (13)
 R - a wand of digging (4)
Scrolls
 g - a scroll of fear
 l - 3 scrolls of amnesia
 G - 4 scrolls of teleportation
 I - a scroll of acquirement {unknown}
 N - 2 scrolls of enchant armour
 O - a scroll of immolation
 P - a scroll of summoning {unknown}
 T - a scroll of identify
 U - a scroll of magic mapping {unknown}
Potions
 m - 5 potions of heal wounds
 n - 6 potions of might
 q - 7 potions of curing
 r - 2 potions of haste
 u - a potion of attraction
 v - a potion of ambrosia {unknown}
 w - 3 potions of mutation
 A - 4 potions of flight
 B - 2 potions of resistance
 D - a potion of brilliance
 F - a potion of lignification
 H - a potion of invisibility
Miscellaneous
 S - a phantom mirror


   Skills:
 + Level 3.4 Fighting
 - Level 7.0 Dodging
 - Level 7.0 Stealth
 - Level 9.0 Spellcasting
 - Level 7.0 Conjurations
 - Level 9.0 Hexes
 + Level 6.3 Translocations
 - Level 5.0 Earth Magic
 - Level 5.0 Evocations


You had 13 spell levels left.
You knew the following spells:

 Your Spells              Type           Power      Damage    Failure   Level
a - Magic Dart            Conj           100%       1d8       1%          1
b - Searing Ray           Conj           100%       2d8       1%          2
c - Fulminant Prism       Conj/Hex       34%        3d16      1%          4
d - Iskenderun's Mystic   Conj/Tloc      62%        2d13      1%          4
s - Stone Arrow           Conj/Erth      100%       3d13      1%          3

Your spell library contained the following spells:

 Spells                   Type           Power      Damage    Failure   Level
 Ignite Poison            Fire/Tmut/Pois 17%        N/A       4%          3
 Sandblast                Erth           100%       2d20      1%          1
 Dazzling Flash           Conj/Hex       100%       N/A       1%          3
 Portal Projectile        Hex/Tloc       100%       N/A       1%          3
 Passwall                 Tmut/Erth      30%        N/A       2%          2
 Summon Guardian Golem    Hex/Summ       51%        N/A       2%          3
 Leda's Liquefaction      Hex/Erth       32%        N/A       2%          4
 Animate Skeleton         Necr           34%        N/A       4%          1
 Pain                     Necr           68%        1d7       4%          1
 Call Canine Familiar     Summ           17%        N/A       16%         3
 Swiftness                Air            17%        N/A       16%         3
 Vampiric Draining        Necr           8%         2d7       16%         3
 Invisibility             Hex            36%        N/A       19%         6
 Orb of Destruction       Conj           32%        9d12      50%         7
 Spellforged Servitor     Conj/Summ      22%        N/A       91%         7


Dungeon Overview and Level Annotations

Branches:
Dungeon (10/15)            Temple (1/1) D:5         Ossuary (visited)
   Lair: D:8-11         Orc: D:9-12

Altars:
Ashenzari
Cheibriados
Dithmenos
Elyvilon
Fedhas
Gozag
Hepliaklqana
Kikubaaqudgha
Makhleb
Nemelex Xobeh
Okawaru
Qazlal
Ru
Sif Muna
Trog
Uskayaw
Vehumet
Wu Jian
Xom
Yredelemnul
Zin
The Shining One

Shops:
D:2 (   D:4 :   D:6 *   D:7 :

Annotations:
D:8 exclusion: downstairs


Message History

You feel a surge of power!
You erupt in a blast of force!
The mystic blast hits the orc.
The orc is severely wounded.
The orc is knocked back by the mystic blast.
The orc slams into the rock wall!
You kill the orc!
Vehumet accepts your kill.
You start resting.
HP restored.
You start resting.
Magic restored.
You climb downwards.
The orc hits you but does no damage.
The centaur warrior zombie hits you but does no damage.
The centaur warrior zombie kicks you.
A hobgoblin comes into view. It is wielding a +0 dagger.
The two-headed ogre hits you with a +0 giant spiked club!!
Ouch! That really hurt!
The two-headed ogre barely misses you. The orc closely misses you.
The centaur warrior zombie closely misses you.
The centaur warrior zombie misses you.
The hobgoblin moves out of view.
There is a stone staircase leading up, spattered with blood here.
Casting: Iskenderun's Mystic Blast (dangerous; 1% risk of failure)
Confirm with . or Enter, or press ? or * to list all spells.
You feel a surge of power!
You erupt in a blast of force!
The mystic blast hits the orc!
You kill the orc!
Vehumet accepts your kill.
The mystic blast hits the orc!!
You kill the orc!
Vehumet accepts your kill.
You feel your power returning.
The mystic blast hits the two-headed ogre!!
The two-headed ogre is moderately wounded.
The mystic blast hits the centaur warrior zombie.
The centaur warrior zombie is lightly damaged.
The centaur warrior zombie is knocked back by the mystic blast.
You hear a shout! x2
The two-headed ogre hits you with a +0 giant spiked club!!
Ouch! That really hurt!
You die...

........#
........#
........#
........#
..!.....#
........#
........#
......)@#
.......O...รท...
.......()...##.
......##..[.#
...Z.. o....(
...... .......
..##. [.(.... ..
#. ..(....


You could see a two-headed ogre, an orc and a centaur warrior zombie.

Vanquished Creatures
  A hornet (D:9)
  Grinder (D:3)
  3 wyverns
  A shadow (D:8)
  Eustachio (D:4)
  A yak (D:9)
  A steam dragon (D:6)
  Menkaure (D:5)
  A warg (D:10)
  7 water moccasins
  2 black bears (D:7)
  4 orc warriors
  2 sky beasts
  2 ogres (D:6)
  2 necrophages
  7 centaurs
  Blork the orc (D:4)
  5 bullfrogs
  A gnoll sergeant (D:8)
  A scorpion (D:6)
  A wyvern zombie (D:7)
  2 wyvern skeletons
  12 wights
  A killer bee (D:9)
  A howler monkey (D:6)
  5 centaur zombies
  3 hounds
  2 bullfrog skeletons
  A gnoll shaman (D:9)
  3 orc priests
  A jelly (D:4)
  Crazy Yiuf (D:3)
  8 iguanas
  9 orc wizards
  A scorpion zombie (D:5)
  A mummy (Ossuary)
  A howler monkey zombie (D:7)
  14 gnolls
  A howler monkey skeleton (D:6)
  2 adders
  2 white imps (D:6)
  An adder skeleton (D:4)
  2 worms
  4 dart slugs
  25 orcs
  5 spectral bats (Ossuary)
  9 ball pythons
  6 endoplasms
  4 giant cockroaches
  12 gnoll zombies (Ossuary)
  5 goblins
  6 hobgoblins
  6 quokkas
  4 bats
  4 bat simulacra (Ossuary)
  4 frilled lizards
  A goblin simulacrum (Ossuary)
  5 goblin zombies (Ossuary)
  2 hobgoblin zombies (Ossuary)
  7 kobolds
  2 kobold simulacra (Ossuary)
  5 kobold zombies (Ossuary)
  6 orc zombies (Ossuary)
  6 rats
  A rat simulacrum (Ossuary)
  5 spectral goblins (Ossuary)
  4 spectral kobolds (Ossuary)
  3 spectral rats (Ossuary)
261 creatures vanquished.

Vanquished Creatures (others)
  48 fulminant prisms
48 creatures vanquished.

Grand Total: 309 creatures vanquished

Notes
Turn   | Place    | Note
-------+----------+-------------------------------------------
     0 | D:1      | porpoise the Deep Elf Conjurer began the quest for the Orb.
     0 | D:1      | Reached XP level 1. HP: 10/10 MP: 6/6
   440 | D:1      | Reached XP level 2. HP: 15/15 MP: 5/8
   469 | D:1      | Learned a level 2 spell: Searing Ray
  1619 | D:2      | Reached skill level 5 in Conjurations
  1619 | D:2      | Reached XP level 3. HP: 19/19 MP: 4/10
  2277 | D:2      | Reached XP level 4. HP: 24/24 MP: 9/12
  2303 | D:2      | Learned a level 4 spell: Fulminant Prism
  2308 | D:2      | Learned a level 4 spell: Iskenderun's Mystic Blast
  2312 | D:2      | Found Zisufor's Weapon Emporium.
  2984 | D:2      | Reached skill level 1 in Hexes
  3300 | D:3      | Reached skill level 5 in Spellcasting
  3491 | D:3      | Found a sparkling altar of Nemelex Xobeh.
  3705 | D:3      | Reached XP level 5. HP: 28/28 MP: 11/14
  3877 | D:3      | Noticed Grinder
  3886 | D:3      | Killed Grinder
  3887 | D:3      | Reached XP level 6. HP: 32/32 MP: 5/17
  4193 | D:3      | Found a runed translucent door.
  4194 | D:3      | Noticed Crazy Yiuf
  4309 | D:3      | Killed Crazy Yiuf
  4572 | D:4      | Noticed Blork the orc
  4582 | D:4      | Killed Blork the orc
  4583 | D:4      | Reached skill level 5 in Hexes
  4797 | D:4      | Found Zoreor's Book Emporium.
  5056 | D:4      | Noticed Eustachio
  5058 | D:4      | Reached XP level 7. HP: 36/36 MP: 13/19
  5081 | D:4      | Killed Eustachio
  5082 | D:4      | Reached skill level 1 in Translocations
  6201 | D:5      | Entered Level 5 of the Dungeon
  6310 | D:5      | Noticed Menkaure
  6314 | D:5      | Killed Menkaure
  6402 | D:5      | Reached XP level 8. HP: 35/41 MP: 14/20
  6714 | D:5      | Found a staircase to the Ecumenical Temple.
  6721 | Temple   | Entered the Ecumenical Temple
  6827 | Temple   | Became a worshipper of Vehumet
  6883 | D:5      | Found a stormy altar of Qazlal.
  6975 | D:5      | Found a burning altar of Makhleb.
  7888 | D:6      | Reached skill level 1 in Fighting
  7908 | D:6      | Reached skill level 5 in Translocations
  8327 | D:6      | Found Quubum's General Store.
  8334 | D:6      | Identified the ring of Zilokhl Disy {*Corrode Will+ Slay+5
                  | SInv Stlth-}
  8467 | D:6      | Identified the +11 flail of Purpose {holy, rCorr}
  8492 | D:6      | Reached XP level 9. HP: 50/50 MP: 10/24
  8529 | D:6      | Found a sand-covered staircase.
  8541 | Ossuary  | Entered an ossuary
  9274 | Ossuary  | Reached * piety under Vehumet
  9274 | Ossuary  | Offered knowledge of Sandblast by Vehumet.
  9751 | Ossuary  | Offered knowledge of Static Discharge by Vehumet.
  9937 | Ossuary  | Reached ** piety under Vehumet
 10181 | D:6      | Reached skill level 5 in Dodging
 10248 | D:6      | Identified the +4 ring mail of the Ageless Beggars {Str+4}
 10349 | D:6      | Identified the +2 ring mail of Too Many Cooks {Will+ MP+9
                  | Int+2 Stlth-}
 11114 | D:7      | Reached skill level 1 in Evocations
 11470 | D:7      | Found a snail-covered altar of Cheibriados.
 11948 | D:7      | Found Ciotiem's Book Shoppe.
 12034 | D:4      | Bought a book of Geomancy for 216 gold pieces
 12038 | D:4      | Learned a level 3 spell: Stone Arrow
 13031 | D:8      | Reached skill level 1 in Earth Magic
 13110 | D:8      | Reached skill level 5 in Evocations
 13110 | D:8      | Reached XP level 10. HP: 56/56 MP: 25/25
 13127 | D:8      | Offered knowledge of Mephitic Cloud by Vehumet.
 13997 | D:8      | Found a sacrificial altar of Ru.
 13999 | D:8      | Found a glowing golden altar of the Shining One.
 14252 | D:9      | Reached *** piety under Vehumet
 14253 | D:9      | Reached skill level 5 in Stealth
 14968 | D:9      | Reached skill level 5 in Earth Magic
 16038 | D:10     | Entered Level 10 of the Dungeon
 16042 | D:10     | Offered knowledge of Ignite Poison by Vehumet.
 16262 | D:10     | Noticed a two-headed ogre
 16288 | D:10     | Slain by a two-headed ogre

Illustrated notes

Levels and vault maps discovered:
D:1:      elethiomel_arrival_infinity_welcomes_careful_drivers, layout_basic,
          serial_forest, infiniplex_forest_fountain, infiniplex_forest_zigzag_1,
          infiniplex_forest_lined_ring, infiniplex_forest_pool,
          infiniplex_forest_lined_3, infiniplex_forest_clump_small,
          infiniplex_forest_diagonal, infiniplex_forest_clump_tiny,
          infiniplex_forest_diagonal
D:2:      layout_loops_cross, serial_shops, shop, minivault_19,
          kennysheep_generic_room_15
D:3:      layout_loops_ring, lemuel_coloured_pillars_altar,
          uniq_crazy_yiuf_cottage, uniq_terence, uniq_grinder
D:4:      layout_rooms, serial_shops, nicolae_shop_waterfront,
          hangedman_abyss_or_decor_passed, uniq_eustachio, uniq_blork_the_orc
D:5:      layout_rooms, bloody_makhleb,
          mainiacjoe_overflow_concentric_impassable, temple_green, uniq_menkaure
D:6:      layout_loops_ring, serial_shops, shop, nicolae_ossuary_entry_ruins,
          minmay_pentangle
D:7:      layout_gridville, kennysheep_slug_shrine, serial_shops, shop
D:8:      layout_basic, nicolae_overflow_hidden_temple
D:9:      kennysheep_ambush_hall, layout_long_grid
D:10:     layout_long_grid, erik_orc_4, minmay_liquid_box
Temple:   regret_index_temple_sphere_string

Skill      XL: |  1  2  3  4  5  6  7  8  9 10 |
---------------+-------------------------------+-----
Spellcasting   | 4 5 6 7 9 |  9.0
Conjurations   | 5 6 7 |  7.0
Hexes          | 2 4 6 7 9 |  9.0
Translocations | 3 5 6 |  6.3
Fighting       | 3 |  3.4
Dodging        | 3 7 |  7.0
Evocations     | 5 |  5.0
Earth Magic    | 1 5 |  5.0
Stealth        | 7 |  7.0

Action                   |  1- 3 |  4- 6 |  7- 9 | 10-12 || total
-------------------------+-------+-------+-------+-------++-------
Melee: Dagger            |     1 |       |       |       ||     1
       Flail             |       |       |    36 |     4 ||    40
 Fire: Hunting sling     |       |    20 |    98 |    28 ||   146
 Cast: Magic Dart        |    41 |    35 |     5 |     2 ||    83
       Searing Ray       |     5 |    23 |    68 |    16 ||   112
       Iskenderun's Myst |       |     1 |    34 |    15 ||    50
       Fulminant Prism   |       |       |    22 |    26 ||    48
       Stone Arrow       |       |       |     2 |     9 ||    11
  Use: Scroll            |       |       |    19 |     2 ||    21
       Potion            |       |       |       |     1 ||     1
 Stab: Sleeping          |     1 |       |     3 |       ||     4
       Distracted        |       |       |     1 |       ||     1
Armor: Robe              |     1 |     2 |    10 |    12 ||    25
       Steam dragon scal |       |       |    19 |       ||    19
       Ring mail         |       |       |     8 |     6 ||    14
Dodge: Dodged            |     3 |     2 |    54 |    28 ||    87

Table legend: (Time is in decaauts)
 A = Elapsed time spent in this place.
 B = Non-inter-level travel time spent in this place.
 C = Inter-level travel time spent in this place.
 D = Time resting spent in this place.
 E = Time spent auto-exploring this place.
 F = Levels seen in this place.
 G = Mean time per level.
                   A        B        C        D        E       F      G
               +--------+--------+--------+--------+--------+-----+--------+
         Total |  16357 |  15903 |    454 |   8161 |   5180 |  12 | 1363.1 |
       Dungeon |  14645 |  14213 |    432 |   7203 |   5084 |  10 | 1464.5 |
        Temple |    128 |    106 |     22 |      0 |     87 |   1 |  128.0 |
       Ossuary |   1582 |   1582 |      0 |    958 |      9 |   1 | 1582.0 |
               +--------+--------+--------+--------+--------+-----+--------+

Top non-repeatable levels by time:
     D:7: 2231 daAuts
     D:4: 2004 daAuts
     D:9: 1912 daAuts
     D:1: 1683 daAuts
 Ossuary: 1582 daAuts
     D:5: 1486 daAuts
     D:2: 1457 daAuts
     D:3: 1425 daAuts
     D:6: 1239 daAuts
     D:8: 1186 daAuts
  Temple: 128 daAuts
    D:10: 18 daAuts
